 Dungeon Crawl Stone Soup version 0.19-a0-644-gd04d753 (webtiles) character file.

235 Stormphoenix the Slicer (level 6, -4/41 HPs)
             Began as a Halfling Fighter on June 14, 2016.
             Slain by Natasha (7 damage)
             ... on level 2 of the Dungeon.
             The game lasted 00:04:14 (1657 turns).

Stormphoenix the Slicer (Halfling Fighter)          Turns: 1657, Time: 00:04:15

Health: -4/41      AC:  8    Str: 18    XL:     6   Next: 26%
Magic:  15/15      EV:  9    Int: 12    God:
Gold:   125        SH:  9    Dex: 14    Spells: 0 memorised, 5 levels left

rFire  . . .     SeeInvis .     a - +1 rapier
rCold  . . .     Gourm    .     b - +0 scale mail
rNeg   . . .     Faith    .     c - +0 shield
rPois  .         Spirit   .     (no helmet)
rElec  .         Dismiss  .     (no cloak)
rCorr  .         Reflect  .     e - +0 pair of gloves
SustAt .         Harm     .     (no boots)
MR     .....                    (no amulet)
Stlth  ..........               (no ring)
                                h - ring of magical power

@: brilliant, not resistant to hostile enchantments, extremely unstealthy
A: mutation resistance 1
a: no special abilities


You were on level 2 of the Dungeon.
You were hungry.

You visited 1 branch of the dungeon, and saw 2 of its levels.

You collected 125 gold pieces.

Inventory:

Hand Weapons
 a - a +1 rapier (weapon)
Armour
 b - a +0 scale mail (worn)
 c - a +0 shield (worn)
 e - a +0 pair of gloves (worn)
Jewellery
 h - a ring of magical power (left hand)
Scrolls
 i - a scroll of enchant armour {unknown}
 j - 2 scrolls of remove curse {unknown}
 k - 4 scrolls of identify
Potions
 l - a potion of curing {unknown}
Comestibles
 d - 2 fruits
 f - 2 bread rations
 m - a beef jerky
 n - 3 chunks of flesh


   Skills:
 - Level 2.6 Fighting
 + Level 8.1 Short Blades
 - Level 3.2 Armour
 - Level 3.2 Shields


You had 5 spell levels left.
You didn't know any spells.

Dungeon Overview and Level Annotations

Branches:
Dungeon (2/15)

Altars:
Ashenzari
Nemelex Xobeh
Sif Muna

Annotations:
D:2 Natasha


Innate Abilities, Weirdness & Mutations

You are small and have problems with some larger weapons.
You are somewhat resistant to further mutation.


Message History

You block the giant gecko's attack. Natasha misses you.
You barely miss Natasha.
Natasha is severely wounded.
The giant gecko bites you but does no damage.
Natasha claws you.
* * * LOW HITPOINT WARNING * * *
You barely miss Natasha.
Natasha is severely wounded.
The giant gecko bites you but does no damage.
The giant gecko barely misses you.
Natasha stares at you and mumbles some strange words.
The magic dart hits you!
You hit Natasha.
Natasha is severely wounded.
You closely miss Natasha.
Natasha is severely wounded.
The giant gecko bites you.
* * * LOW HITPOINT WARNING * * *
Natasha claws you!
You die...

> .......... ....... ..
#......... #....(. (..##
#......... #...... ......
#......... ##......
......##......... +.......
.......#..........##......
..........................
.......##l....... #....†#
....... #@..#####.##......
....... #h..# #.##......
...%... #...# #.##......
....... #...# #.##......
.....## #...# #.##......
.....####...# #.##......
...........# #.##......
8...####...#####.##......
. ##'#.........####.


You could see Natasha and a giant gecko.

Vanquished Creatures
  Sigmund (D:2)
  Natasha (D:2)
  An adder (D:2)
  A worm (D:2)
  A dart slug (D:2)
  2 giant geckos
  2 giant cockroaches
  7 goblins
  6 hobgoblins
  4 bats
  3 giant newts
  8 kobolds
  9 rats
46 creatures vanquished.

Notes
Turn   | Place    | Note
--------------------------------------------------------------
     0 | D:1      | Stormphoenix the Halfling Fighter began the quest for the Orb.
     0 | D:1      | Reached XP level 1. HP: 15/15 MP: 1/1
    32 | D:1      | Reached skill level 3 in Short Blades
   149 | D:1      | Reached XP level 2. HP: 20/20 MP: 2/2
   291 | D:1      | Reached skill level 4 in Short Blades
   303 | D:1      | Found a shattered altar of Ashenzari.
   495 | D:1      | Reached XP level 3. HP: 23/25 MP: 3/3
   838 | D:2      | Noticed Sigmund
   846 | D:2      | Killed Sigmund
   846 | D:2      | Reached skill level 7 in Short Blades
   846 | D:2      | Reached XP level 4. HP: 18/30 MP: 4/4
   846 | D:2      | Reached XP level 5. HP: 21/35 MP: 5/5
   907 | D:2      | Reached XP level 6. HP: 30/41 MP: 6/6
  1291 | D:2      | Found a sparkling altar of Nemelex Xobeh.
  1562 | D:2      | Found a deep blue altar of Sif Muna.
  1609 | D:2      | Noticed Natasha
  1625 | D:2      | Killed Natasha
  1625 | D:2      | Reached skill level 8 in Short Blades
  1638 | D:2      | Noticed Natasha
  1657 | D:2      | Slain by Natasha

Vault maps used:
D:1:      scummos_arrival_simple_fountains, evilmike_ruin_ashenzari
D:2:      marbit_many_paths, nemelex_xobeh_ov_fountains_minmay,
          ecumenical_altar_2, kennysheep_pointless_box, grunt_gozag_breadcrumbs,
          uniq_sigmund, uniq_natasha

Skill      XL: |  1  2  3  4  5  6 |
---------------+-------------------+-----
Short Blades   | 3 4 7 8 |  8.1
Fighting       | |  2.6
Armour         | |  3.2
Shields        | |  3.2

Action                   |  1- 3 |  4- 6 || total
-------------------------+-------+-------++-------
Melee: Rapier            |    79 |    79 ||   158
  Use: Scroll            |     3 |       ||     3
       Potion            |     2 |     1 ||     3
  Eat: Chunk             |       |     2 ||     2
Armor: Scale mail        |    25 |    25 ||    50
Dodge: Dodged            |    23 |    26 ||    49
Block: Shield            |    36 |    34 ||    70
